Map: Blackpink LE

Players

Graveyard - Winner!

  • Race: Zerg Zerg
  • League: Diamond
  • Spawn Location: 7:00

Maaltus

  • Race: Zerg Zerg
  • League: Diamond
  • Spawn Location: 1:00

VOD

Have the link to the VOD?

Description

Time

  • Played on: May 5, 2018, 4:41 p.m.
  • Length: 11:18
Show
View Real Time Build Order
Export as new Build Order

Graveyard Zerg - Winner!

Build Orders: Hatch First 

Get SALT Encoding   

  12  0:00  Drone  
  13  0:12  Overlord  
  13  0:17  Drone  
  14  0:30  Drone x2  
  14  0:35  Drone  
  17  0:53  Hatchery  
  16  0:57  Drone  
  16  0:59  Drone  
  18  1:11  Extractor  
  17  1:13  Spawning Pool  
  16  1:25  Drone x2  
  17  1:28  Drone  
  19  1:47  Overlord  
  19  2:00  Zergling x4  
  21  2:04  Queen x2  
  21  2:05  Zergling x2  
  26  2:12  Drone  
  26  2:15  Metabolic Boost  
  27  2:19  Drone  
  28  2:24  Drone  
  28  2:26  Drone  
  30  2:39  Drone  
  30  2:40  Drone  
  30  2:43  Baneling Nest  
  31  2:47  Drone  
  31  2:51  Drone  
  33  2:54  Drone  
  35  2:58  Drone  
  35  3:04  Overlord  
  35  3:10  Evolution Chamber  
  34  3:14  Evolution Chamber  
  34  3:18  Roach Warren  
  32  3:26  Drone x4  
  36  3:29  Overlord  
  36  3:33  Lair  
  36  3:35  Extractor  
  36  3:37  Drone  
  36  3:42  Overlord  
  36  3:46  Queen  
  36  3:47  Drone x2  
  39  3:58  Zergling x6  
  39  3:59  Zergling x2  
  41  4:05  Roach x3  
  43  4:30  Roach x2  
  47  4:38  Roach  
  47  4:43  Drone x2  
  47  4:44  Extractor  
  47  4:45  Extractor  
  49  4:54  Roach  
  49  4:58  Drone  
  52  5:00  Overlord x2  
  52  5:01  Overlord  
  52  5:27  Roach x3  
  52  5:28  Roach x2  
  53  5:36  Roach  
  55  5:49  Roach x4  
  53  5:59  Roach  
  52  6:13  Drone x6  
  57  6:22  Evolution Chamber  
  57  6:25  Drone x2  
  58  6:28  Drone  
  59  6:37  Roach  
  59  6:38  Drone  
  56  6:46  Drone  
  57  6:50  Zerg Missile Weapons Level 1  
  57  6:51  Zerg Ground Armor Level 1  
  57  6:52  Drone  
  58  6:55  Drone  
  58  6:58  Drone x3  
  58  7:00  Drone  
  57  7:11  Drone  
  57  7:15  Drone  
  49  7:23  Roach x3  
  49  7:24  Roach x2  
  57  7:39  Roach x4  
  46  7:55  Zergling x2  
  46  7:56  Zergling x14  
  50  8:03  Zergling x2  
  50  8:04  Zergling x2  
  49  8:22  Drone x4  
  53  8:28  Zergling x4  
  50  8:52  Drone x4  
  52  8:55  Drone  
  50  9:08  Drone x6  
  51  9:13  Drone x2  
  36  9:44  Zergling x20  
  46  9:48  Drone x2  
  46  9:49  Roach Warren  
  47  10:00  Zergling x4  
  48  10:21  Baneling x3  
  48  10:23  Baneling x3  
  48  10:24  Zergling x14, Baneling  
  52  10:47  Roach  
  52  10:48  Roach x7  
  67  10:55  Baneling  
  67  10:56  Roach, Baneling x2  
Show
View Real Time Build Order
Export as new Build Order

Maaltus Zerg 

Build Orders: Hatch First, Zergling Baneling 

Get SALT Encoding   

  12  0:01  Drone  
  13  0:14  Overlord  
  13  0:19  Drone  
  14  0:32  Drone x2  
  16  0:37  Drone  
  17  0:55  Hatchery  
  17  0:56  Drone  
  17  1:01  Drone  
  18  1:04  Extractor  
  17  1:17  Spawning Pool  
  17  1:18  Drone  
  17  1:21  Drone  
  18  1:31  Drone  
  19  1:42  Overlord  
  19  2:05  Zergling x2  
  19  2:06  Zergling x2, Queen  
  23  2:08  Metabolic Boost  
  23  2:10  Queen  
  23  2:12  Zergling x2  
  23  2:14  Drone  
  27  2:23  Drone  
  27  2:28  Drone  
  29  2:36  Overlord  
  29  2:42  Drone x2  
  31  2:54  Zergling x4  
  33  3:03  Baneling Nest  
  32  3:08  Zergling x6  
  35  3:28  Zergling x2  
  35  3:29  Zergling x12  
  42  3:34  Overlord  
  42  3:49  Hatchery  
  42  3:52  Baneling x3  
  42  3:53  Baneling x3  
  41  3:59  Zergling x16  
  44  4:18  Zergling x8  
  44  4:19  Zergling x2, Baneling  
  44  4:20  Baneling x3  
  47  4:30  Baneling x3  
  44  4:41  Zergling x4  
  44  4:42  Zergling x10  
  44  4:45  Zergling x2  
  44  5:02  Baneling x2  
  44  5:03  Baneling x2  
  44  5:07  Zergling x2  
  44  5:08  Zergling x12  
  49  5:24  Zergling x10  
  45  5:48  Zergling x4  
  45  5:49  Zergling x14  
  49  5:55  Baneling x2  
  36  6:19  Zergling x2  
  36  6:20  Zergling x16  
  45  6:31  Queen  
  37  6:43  Zergling x2  
  37  6:44  Zergling x14  
  37  6:46  Baneling  
  45  6:47  Baneling  
  45  6:48  Baneling  
  45  6:50  Zergling x2  
  45  7:08  Zergling x8  
  42  7:09  Zergling x4  
  45  7:16  Zergling x2  
  45  7:17  Zergling x4  
  48  7:24  Baneling  
  48  7:25  Baneling  
  48  7:26  Baneling x2  
  48  7:27  Baneling  
  38  7:56  Baneling  
  34  7:58  Baneling  
  34  7:59  Baneling  
  34  8:00  Zergling x10  
  34  8:01  Zergling x10  
  38  8:21  Zergling x6  
  38  8:22  Zergling x4  
  40  8:36  Zergling x2  
  40  8:37  Zergling x14  
  40  8:38  Zergling x2  
  43  8:59  Baneling x3  
  43  9:00  Zergling x2  
  43  9:01  Zergling x6  
  30  9:22  Zergling x2  
  30  9:23  Zergling x6  
  28  9:43  Zergling x2  
  28  9:44  Zergling x6  
  32  9:49  Zergling x2  
  32  9:50  Zergling x2  
  34  9:54  Baneling  
  32  10:08  Zergling x4  
  32  10:09  Zergling x2  
  35  10:18  Baneling x4  
  28  10:47  Drone  
  28  10:48  Drone x4  
  28  10:49  Drone  
Tags
 
Add a new tag
Caveats
  • Supply blocks, unpowered buildings, or Contaminate may cause inaccurate times.
  • Supply counts are checked every 10 seconds.